 Dungeon Crawl Stone Soup version 0.27-a0-1325-g58a489ad9e (webtiles) character file.

Game seed: 6140691359367652707

12212 HAL9000 the Covert (level 11, -11/58 HPs)
             Began as a Vine Stalker Brigand on June 24, 2021.
             Was a Follower of Dithmenos.
             Mangled by a fire elemental (14 damage)
             ... led by Azrael
             ... on level 12 of the Dungeon.
             The game lasted 00:23:56 (11934 turns).

HAL9000 the Covert (Vine Stalker Brigand)          Turns: 11934, Time: 00:23:56

Health: -11/58     AC:  6    Str: 17    XL:     11   Next: 89%
Magic:  0/14       EV: 30    Int: 12    God:    Dithmenos [*.....]
Gold:   570        SH:  5    Dex: 15    Spells: 7/13 levels left

rFire    . . .     SeeInvis +   a - +2 dagger
rCold    + . .     Faith    .   A - +0 buckler
rNeg     . . .     Spirit   +   b - +0 robe
rPois    .         Reflect  .   e - +0 hat
rElec    +         Harm     .   c - +0 cloak
rCorr    +         Rampage  .   I - +0 pair of gloves "Gaamnoas" {rElec rC+ SInv}
Will     +....                  y - +1 pair of boots
Stlth    ++++++....             O - amulet of the acrobat
HPRegen  1.19/turn              f - +4 ring of evasion
MPRegen  0.14/turn              h - ring of resist corrosion

@: confusing by touch, acrobatic, wreathed by umbra
A: fangs 3, regeneration 1, magic shield, antimagic bite, no potion heal 2
a: Renounce Religion


You were on level 12 of the Dungeon.
You worshipped Dithmenos.
Dithmenos was aware of your devotion.
You visited 2 branches of the dungeon, and saw 13 of its levels.
You also visited: Ossuary.

You collected 570 gold pieces.

Inventory:

Hand Weapons
 a - a +2 dagger (weapon)
 R - a +2 short sword of distortion
Missiles
 d - 37 poisoned darts (quivered)
 P - 2 atropa-tipped darts
 Q - 5 curare-tipped darts
Armour
 b - a +0 robe (worn)
 c - a +0 cloak (worn)
 e - a +0 hat (worn)
 y - a +1 pair of boots (worn)
 A - a +0 buckler (worn)
 I - the +0 pair of gloves "Gaamnoas" (worn) {rElec rC+ SInv}
   (You found it on level 8 of the Dungeon)

   It protects you from cold.
   It insulates you from electricity.
   It lets you see invisible.
Jewellery
 f - a +4 ring of evasion (left hand)
 h - a ring of resist corrosion (right hand)
 x - an amulet of faith
 B - an amulet of magic regeneration
 C - a ring of see invisible
 J - a ring of magical power
 K - a ring of willpower
 O - an amulet of the acrobat (around neck)
Wands
 r - a wand of polymorph (14)
 L - a wand of paralysis (21)
Scrolls
 g - a scroll of amnesia {unknown}
 l - a scroll of magic mapping {unknown}
 n - 5 scrolls of teleportation {unknown}
 o - 3 scrolls of fear {unknown}
 p - a scroll of enchant armour {unknown}
 q - 2 scrolls of immolation
 t - a scroll of noise {unknown}
 u - 3 scrolls of fog
 w - a scroll of acquirement {unknown}
 z - 3 scrolls of vulnerability {unknown}
 D - a scroll of blinking {unknown}
 H - a scroll of holy word {unknown}
 N - a scroll of silence {unknown}
Potions
 i - 3 potions of haste {unknown}
 j - 3 potions of lignification
 k - 5 potions of curing
 m - 4 potions of might
 s - 3 potions of flight
 v - a potion of mutation {unknown}
 E - a potion of ambrosia {unknown}
 F - 2 potions of attraction {unknown}
 G - 3 potions of cancellation {unknown}
Miscellaneous
 M - a phantom mirror


   Skills:
 - Level 7.0 Fighting
 - Level 10.0 Short Blades
 - Level 1.7 Throwing
 - Level 0.7 Dodging
 + Level 12.6 Stealth
 - Level 6.0 Shields
 - Level 1.6 Spellcasting
 - Level 6.7 Hexes


You had 7 spell levels left.
You knew the following spells:

 Your Spells              Type           Power      Damage    Failure   Level
a - Confusing Touch       Hex            17%        N/A       5%          3
b - Tukima's Dance        Hex            17%        N/A       5%          3

Your spell library contained the following spells:

 Spells                   Type           Power      Damage    Failure   Level
 Corona                   Hex            18%        N/A       1%          1
 Ensorcelled Hibernation  Hex/Ice        18%        N/A       11%         2
 Dazzling Flash           Conj/Hex       18%        N/A       22%         3


Dungeon Overview and Level Annotations

Branches:
Dungeon (12/15)            Temple (1/1) D:6            Lair (0/6) D:10
    Orc (0/2) D:9         Ossuary (visited)

Altars:
Ashenzari
Cheibriados
Dithmenos
Elyvilon
Fedhas
Gozag
Hepliaklqana
Kikubaaqudgha
Makhleb
Nemelex Xobeh
Okawaru
Qazlal
Ru
Sif Muna
Trog
Uskayaw
Vehumet
Wu Jian
Xom
Yredelemnul
Zin
The Shining One

Shops:
D:1 ?   D:5 [


Innate Abilities, Weirdness & Mutations

You have razor-sharp teeth.
Your natural rate of healing is unusually fast.
When hurt, damage is shared between your health and your magic reserves.
Your bite disrupts and absorbs the magic of your enemies.
Potions cannot restore your health.


Message History

You completely miss the fire elemental. Your bite misses the fire elemental.
The fire elemental is heavily damaged.
The fire elemental hits you. The fire elemental burns you!
You are too injured to fight recklessly!
You are too injured to fight recklessly!
Casting: Confusing Touch (dangerous; 5% risk of failure)
Confirm with . or Enter, or press ? or * to list all spells.
Your hands begin to glow red.
The fire elemental hits you. The fire elemental burns you!
You hit the fire elemental but do no damage.
You bite the fire elemental, but do no damage.
The fire elemental is heavily damaged.
The fire elemental completely misses you.
You barely miss the fire elemental.
The fire elemental is heavily damaged.
You barely miss the fire elemental.
You bite the fire elemental, but do no damage.
The fire elemental is heavily damaged.
The fire elemental hits you. The fire elemental burns you!
You barely miss the fire elemental.
You bite the fire elemental, but do no damage.
The fire elemental is heavily damaged.
The fire elemental hits you. The fire elemental burns you!
* * * LOW HITPOINT WARNING * * *
You hit the fire elemental but do no damage.
You bite the fire elemental, but do no damage.
The fire elemental is heavily damaged.
You closely miss the fire elemental. Your bite misses the fire elemental.
The fire elemental is heavily damaged.
The fire elemental hits you. The fire elemental burns you!
* * * LOW HITPOINT WARNING * * *
Unknown command.
You completely miss the fire elemental. Your bite misses the fire elemental.
The fire elemental is heavily damaged.
The fire elemental closely misses you.
Okay, then.
You hit the fire elemental but do no damage.
The fire elemental is heavily damaged.
The fire elemental hits you. The fire elemental burns you!
You die...

#### #.. #.#
###.######
#.○......#
###.####E#...$....
.........@..###.##
.........##.#
##...##### .# #.##
.# ☼ .# .#


You could see a fire elemental.

Vanquished Creatures
  Gastronok (D:9)
  A two-headed ogre (D:9)
  Sonja (D:11)
  Pikel (D:3)
  3 cyclopes
  3 manticores
  An unseen horror (D:11)
  A gargoyle (D:11)
  A komodo dragon (D:11)
  A hornet (D:9)
  A vampire (D:11)
  3 yaks (D:10)
  3 wyverns
  2 wraiths
  2 steam dragons
  Menkaure (D:4)
  A water moccasin (D:9)
  A hell hound (D:11)
  3 orc warriors
  A sky beast (D:6)
  2 necrophages
  3 centaurs
  A kobold brigand (D:8)
  4 bullfrogs
  2 wyvern zombies
  2 water moccasin zombies (Ossuary)
  18 killer bees
  6 wights
  3 howler monkeys
  2 bullfrog zombies (D:6)
  2 centaur zombies
  2 hounds (D:5)
  2 jellies (D:6)
  3 orc priests
  A bullfrog skeleton (D:6)
  3 centaur skeletons
  3 iguanas
  9 orc wizards
  2 mummies (Ossuary)
  A howler monkey zombie (D:9)
  Robin (D:3)
  6 adders
  4 gnolls (D:5)
  2 white imps (D:5)
  2 ufetubi
  3 adder zombies (Ossuary)
  A worm (D:4)
  2 dart slugs (D:2)
  25 orcs
  4 bats
  12 endoplasms
  A giant cockroach (D:1)
  9 hobgoblins
  22 jackals
  10 kobolds
  4 quokkas
  5 ball pythons
  3 frilled lizards
  8 gnoll zombies (Ossuary)
  19 goblins
  5 hobgoblin zombies (Ossuary)
  7 kobold zombies (Ossuary)
  5 orc zombies (Ossuary)
  10 rats
273 creatures vanquished.

Vanquished Creatures (collateral kills)
  Blork the orc (D:6)
1 creature vanquished.

Vanquished Creatures (others)
  2 dancing weapons (D:6)
2 creatures vanquished.

Grand Total: 276 creatures vanquished

Notes
Turn   | Place    | Note
-------+----------+-------------------------------------------
     0 | D:1      | HAL9000 the Vine Stalker Brigand began the quest for the
                  | Orb.
     0 | D:1      | Reached XP level 1. HP: 11/11 MP: 2/2
   154 | D:1      | Reached XP level 2. HP: 15/15 MP: 3/3
   328 | D:1      | Reached XP level 3. HP: 18/18 MP: 4/4
   336 | D:1      | Reached skill level 5 in Stealth
   669 | D:1      | Found Ociuhu Xiocw's Magic Scroll Emporium.
   747 | D:1      | Learned a level 3 spell: Confusing Touch
   803 | D:1      | Reached skill level 1 in Spellcasting
  1054 | D:2      | Gained mutation: Your natural rate of healing is unusually
                  | fast. [Vine Stalker growth]
  1054 | D:2      | Reached XP level 4. HP: 18/23 MP: 5/7
  1118 | D:2      | Reached skill level 1 in Hexes
  1526 | D:3      | Learned a level 3 spell: Tukima's Dance
  1689 | D:3      | Noticed Robin
  1713 | D:3      | Reached XP level 5. HP: 26/26 MP: 6/8
  1736 | D:3      | Killed Robin
  2383 | D:4      | Found a shimmering altar of Xom.
  2475 | D:4      | Noticed a lemure
  2475 | D:4      | Noticed a lemure
  2476 | D:4      | Noticed Pikel
  2476 | D:4      | Noticed a lemure
  2476 | D:4      | Noticed a lemure
  2553 | D:3      | Killed Pikel
  2554 | D:3      | Reached XP level 6. HP: 30/30 MP: 6/9
  2554 | D:3      | Reached XP level 7. HP: 34/34 MP: 6/10
  2607 | D:4      | Found a broken altar of Ashenzari.
  2715 | D:4      | Noticed Menkaure
  2735 | D:4      | Killed Menkaure
  2967 | D:4      | Gained mutation: You have razor-sharp teeth. [Vine Stalker
                  | growth]
  2967 | D:4      | Reached XP level 8. HP: 38/38 MP: 11/11
  3272 | D:4      | Found a bloodstained altar of Trog.
  3300 | D:5      | Entered Level 5 of the Dungeon
  3364 | D:5      | Reached skill level 5 in Short Blades
  3418 | D:5      | Found Cauhaixtam's Antique Armour Shoppe.
  3805 | D:5      | Found an iron altar of Okawaru.
  3914 | D:6      | Reached skill level 1 in Shields
  4419 | D:6      | Noticed Blork the orc
  4455 | D:6      | Killed Blork the orc
  4605 | D:6      | Reached skill level 5 in Shields
  4954 | D:6      | Reached XP level 9. HP: 38/42 MP: 7/12
  5069 | D:6      | Found a staircase to the Ecumenical Temple.
  5343 | D:7      | Reached skill level 6 in Stealth
  5533 | D:7      | Reached skill level 7 in Stealth
  5601 | D:7      | Found a snail-covered altar of Cheibriados.
  5727 | D:7      | Reached skill level 8 in Stealth
  5830 | D:7      | Found an opulent altar of Gozag.
  5831 | D:7      | Found a glowing silver altar of Zin.
  6162 | D:8      | Found a sand-covered staircase.
  6180 | Ossuary  | Entered an ossuary
  6247 | Ossuary  | Reached skill level 9 in Stealth
  6400 | D:8      | Found a white marble altar of Elyvilon.
  6440 | D:8      | Reached skill level 10 in Stealth
  6474 | D:8      | Identified the +0 pair of gloves "Gaamnoas" {rElec rC+
                  | SInv}
  6774 | D:8      | Found an ancient bone altar of Kikubaaqudgha.
  7002 | Temple   | Entered the Ecumenical Temple
  7214 | Temple   | Became a worshipper of Dithmenos the Shadowed
  7577 | D:8      | Reached XP level 10. HP: 37/46 MP: 13/13
  7669 | D:9      | Found a glowing golden altar of the Shining One.
  7669 | D:9      | Noticed a two-headed ogre
  7693 | D:9      | Killed a two-headed ogre
  7780 | D:9      | Noticed a manticore
  7785 | D:9      | Killed a manticore
  7799 | D:9      | Noticed Gastronok
  7865 | D:9      | Killed Gastronok
  7975 | D:9      | Reached skill level 10 in Short Blades
  8223 | D:9      | Found a staircase to the Orcish Mines.
  8370 | D:9      | Reached XP level 11. HP: 46/50 MP: 9/14
  8392 | D:9      | Reached skill level 11 in Stealth
  8461 | D:9      | Reached * piety under Dithmenos
  9471 | D:10     | Entered Level 10 of the Dungeon
  9537 | D:10     | Found an ornate altar of the Wu Jian Council.
  9539 | D:10     | Found a burning altar of Makhleb.
  9639 | D:10     | Found a staircase to the Lair.
  9763 | D:10     | Noticed a cyclops
  9767 | D:10     | Killed a cyclops
  9935 | D:10     | Reached skill level 5 in Fighting
 10222 | D:11     | Noticed a manticore
 10229 | D:11     | Killed a manticore
 10547 | D:11     | Noticed a cyclops
 10571 | D:11     | Killed a cyclops
 10676 | D:11     | Noticed a cyclops
 11009 | D:11     | HP: 1/58 [cyclops/large rock (22)]
 11127 | D:11     | Noticed a manticore
 11153 | D:11     | Killed a manticore
 11528 | D:11     | Killed a cyclops
 11529 | D:11     | Reached skill level 12 in Stealth
 11790 | D:12     | Noticed Sonja
 11873 | D:11     | Killed Sonja
 11931 | D:12     | HP: 1/58 [fire elemental[Azrael] (8)]
 11934 | D:12     | Mangled by a fire elemental

Illustrated notes

Levels and vault maps discovered:
D:1:      kilobyte_arrival_exit_the_forest, layout_rooms, serial_shops,
          nicolae_shop_behind_doors
D:2:      layout_basic
D:3:      layout_rooms, roderic_lattice_a, uniq_robin
D:4:      layout_basic, kennysheep_mini_moat, nicolae_overflow_crystal_walls,
          ashenzari_altar_1, uniq_pikel, uniq_menkaure
D:5:      wander_river, layout_cave_pools, lemuel_doored_altar, serial_shops,
          nicolae_shop_statue_plus
D:6:      layout_gridville, minmay_temple_entry_trees, uniq_blork_the_orc
D:7:      layout_loops_ring, grunt_temple_overflow_gold_and_silver,
          cheibriados_altar_1, minivault_22
D:8:      layout_loops_ring, nicolae_overflow_hidden_temple,
          nicolae_kikubaaqudgha_miasma_corner, enter_ossuary_1
D:9:      layout_layer_cave, overflow_temple_1_default, orc_0_dummy,
          uniq_gastronok
D:10:     layout_gridville, chequers_temple_overflow_statue_of_worship,
          lair_entry_dummy
D:11:     layout_layer_cave, chequers_serial_rivers_micro_b,
          hangedman_decor_riveting
D:12:     layout_loops_ring, hangedman_incinerator, uniq_frances, uniq_rupert,
          uniq_sonja, uniq_nessos, uniq_azrael
Temple:   dpeg_chambers_temple

Skill      XL: |  1  2  3  4  5  6  7  8  9 10 11 |
---------------+----------------------------------+-----
Short Blades   | 2 3 4 5 6 10 | 10.0
Stealth        | 5 10 12 | 12.6
Spellcasting   | 1 |  1.6
Hexes          | 2 6 |  6.7
Shields        | 5 6 |  6.0
Fighting       | 7 |  7.0
Throwing       | |  1.7
Dodging        | |  0.7

Action                   |  1- 3 |  4- 6 |  7- 9 | 10-12 || total
-------------------------+-------+-------+-------+-------++-------
Melee: Dagger            |   111 |   167 |   560 |   456 ||  1294
       Bite              |    22 |    32 |   208 |   176 ||   438
Throw: Dart              |       |     5 |    10 |    32 ||    47
 Cast: Confusing Touch   |       |       |    17 |    32 ||    49
       Tukima's Dance    |       |       |     7 |     1 ||     8
Evoke: Wand              |       |       |       |     2 ||     2
  Use: Scroll            |       |       |     5 |     3 ||     8
 Stab: Sleeping          |     9 |     9 |    24 |     5 ||    47
       Distracted        |     1 |       |       |     1 ||     2
       Confused          |       |       |    12 |    28 ||    40
       Paralysed         |       |       |       |     1 ||     1
Armor: Robe              |    24 |    29 |    73 |    54 ||   180
Dodge: Dodged            |    65 |   126 |   318 |   209 ||   718
Block: Buckler           |       |       |    87 |    79 ||   166

Table legend: (Time is in decaauts)
 A = Elapsed time spent in this place.
 B = Non-inter-level travel time spent in this place.
 C = Inter-level travel time spent in this place.
 D = Time resting spent in this place.
 E = Time spent auto-exploring this place.
 F = Levels seen in this place.
 G = Mean time per level.
                   A        B        C        D        E       F      G
               +--------+--------+--------+--------+--------+-----+--------+
         Total |  11535 |  10938 |    597 |    965 |   7538 |  14 |  823.9 |
       Dungeon |  11131 |  10554 |    577 |    965 |   7261 |  12 |  927.6 |
        Temple |    221 |    201 |     20 |      0 |    198 |   1 |  221.0 |
       Ossuary |    182 |    182 |      0 |      0 |     79 |   1 |  182.0 |
               +--------+--------+--------+--------+--------+-----+--------+

Top non-repeatable levels by time:
     D:9: 1657 daAuts
    D:11: 1428 daAuts
     D:6: 1390 daAuts
     D:8: 992 daAuts
     D:7: 932 daAuts
     D:4: 911 daAuts
    D:10: 880 daAuts
     D:3: 860 daAuts
     D:1: 859 daAuts
     D:2: 617 daAuts
     D:5: 582 daAuts
  Temple: 221 daAuts
 Ossuary: 182 daAuts
    D:12: 18 daAuts
